Map: Mech Depot LE

Players

Nerchio - Winner!

  • Race: Zerg Zerg
  • Spawn Location: 1:00

AdminC (Bioice)

  • Race: Zerg Zerg
  • Spawn Location: 7:00

Event: WCS Montreal 2017

VOD

Have the link to the VOD?

Description

Time

  • Played on: Sept. 8, 2017, 7:07 p.m.
  • Length: 10:28

All games in this series

Show
View Real Time Build Order
Export as new Build Order

Nerchio Zerg - Winner!

Build Orders: Hatch First, Zergling Baneling 

Get SALT Encoding   

  12  0:00  Drone  
  13  0:12  Overlord  
  13  0:16  Drone  
  14  0:30  Drone x2  
  14  0:34  Drone  
  17  0:52  Hatchery  
  17  0:55  Drone  
  17  0:58  Drone  
  18  1:09  Extractor  
  17  1:13  Spawning Pool  
  17  1:16  Drone  
  17  1:19  Drone  
  18  1:28  Drone  
  19  1:38  Overlord  
  19  1:59  Queen  
  19  2:00  Zergling x4  
  23  2:04  Queen, Zergling x2  
  26  2:08  Metabolic Boost  
  26  2:12  Drone  
  27  2:16  Drone  
  27  2:21  Drone  
  29  2:25  Drone  
  30  2:34  Drone  
  31  2:39  Drone  
  31  2:42  Baneling Nest  
  31  2:50  Hatchery  
  30  2:52  Zergling x2  
  30  2:55  Drone  
  32  2:59  Overlord  
  32  3:03  Zergling x2  
  32  3:05  Zergling x2  
  34  3:14  Zergling x4  
  34  3:19  Queen  
  37  3:20  Zergling x2  
  37  3:21  Zergling x2  
  37  3:26  Baneling x4  
  39  3:36  Zergling x8  
  40  3:42  Zergling x2  
  40  3:43  Zergling x4  
  42  3:51  Overlord  
  42  3:54  Zergling x2  
  43  3:57  Baneling x2  
  43  4:00  Zergling x2  
  44  4:03  Zergling x2  
  44  4:04  Zergling x6  
  44  4:07  Zergling x2  
  46  4:10  Zergling x2  
  46  4:12  Zergling x2  
  46  4:15  Zergling x2  
  44  4:17  Zergling x2  
  44  4:18  Baneling  
  44  4:19  Baneling  
  44  4:20  Zergling x2  
  44  4:23  Drone  
  43  4:26  Drone  
  43  4:28  Baneling  
  43  4:30  Drone  
  45  4:32  Drone  
  45  4:37  Drone x2  
  49  4:38  Drone  
  49  4:39  Baneling  
  49  4:46  Drone x3  
  49  4:50  Baneling  
  52  4:57  Zergling x10  
  56  5:00  Zergling x2  
  56  5:04  Zergling x4  
  56  5:07  Zergling x4  
  56  5:11  Zergling x2  
  56  5:13  Zergling x2  
  58  5:20  Queen, Drone  
  55  5:26  Baneling x2  
  55  5:27  Drone  
  45  5:30  Drone  
  45  5:32  Drone  
  45  5:34  Drone  
  48  5:38  Drone  
  49  5:43  Drone x2  
  51  5:52  Overlord  
  51  5:54  Drone  
  51  5:56  Zergling x2  
  53  5:57  Queen  
  53  5:59  Zergling x2  
  53  6:01  Baneling x2  
  56  6:07  Drone x2  
  58  6:13  Overlord  
  58  6:14  Overlord  
  58  6:16  Drone  
  58  6:22  Spine Crawler  
  57  6:27  Baneling x2  
  57  6:28  Baneling  
  54  6:35  Drone  
  54  6:36  Drone x6  
  61  6:45  Zergling x4  
  58  6:47  Baneling x2  
  58  6:49  Zergling x2  
  59  6:54  Zergling x2  
  59  6:59  Zergling x12  
  59  7:00  Zergling x2  
  63  7:01  Zergling x4  
  63  7:06  Spine Crawler  
  59  7:09  Zergling x6  
  59  7:10  Baneling x2  
  59  7:12  Zergling x4  
  64  7:16  Zergling x2  
  64  7:18  Baneling  
  64  7:20  Zergling x2  
  64  7:21  Queen  
  67  7:27  Queen  
  69  7:30  Queen, Baneling  
  69  7:33  Baneling  
  71  7:39  Zergling x10  
  71  7:43  Zergling x6  
  76  7:44  Zergling x2  
  76  7:50  Drone  
  76  7:51  Drone  
  62  7:52  Drone  
  60  8:02  Drone x2  
  60  8:03  Baneling  
  61  8:08  Drone  
  61  8:12  Queen  
  63  8:14  Zergling x4  
  63  8:15  Zergling x2  
  65  8:22  Zergling x2  
  65  8:23  Queen  
  68  8:28  Queen  
  68  8:30  Zergling x2  
  68  8:34  Drone x2  
  69  8:35  Drone  
  69  8:37  Drone  
  69  8:40  Baneling x2  
  71  8:41  Drone  
  71  8:45  Drone x2  
  71  8:47  Drone  
  74  8:56  Roach Warren, Baneling x2  
  74  8:57  Drone, Evolution Chamber  
  74  8:59  Extractor  
  74  9:00  Drone  
  72  9:03  Overlord  
  72  9:07  Drone  
  72  9:08  Drone x2  
  75  9:13  Overlord  
  75  9:14  Overlord  
  75  9:20  Queen  
  77  9:27  Overlord  
  77  9:37  Roach x6  
  87  9:42  Roach  
  88  9:46  Roach  
  88  9:50  Extractor, Drone x2  
  88  9:51  Drone  
  88  9:52  Roach  
  93  9:54  Drone  
  93  9:55  Drone x3  
  93  9:56  Baneling  
  93  9:57  Drone  
  93  9:58  Extractor  
  93  9:59  Drone  
  98  10:01  Drone x2  
  98  10:02  Drone x2  
  102  10:08  Drone x2  
  102  10:09  Drone  
  102  10:11  Drone  
  102  10:12  Drone  
  107  10:16  Drone  
  109  10:26  Extractor  
Show
View Real Time Build Order
Export as new Build Order

AdminC Zerg 

Build Orders: Hatch First, Zergling Baneling 

Get SALT Encoding   

  12  0:01  Drone  
  13  0:13  Overlord  
  13  0:18  Drone  
  14  0:31  Drone  
  14  0:33  Drone  
  16  0:49  Hatchery  
  15  0:52  Drone  
  16  0:57  Drone  
  16  1:01  Drone  
  18  1:07  Extractor  
  17  1:15  Spawning Pool  
  17  1:18  Drone  
  17  1:22  Drone  
  18  1:31  Drone  
  19  1:40  Drone  
  20  1:49  Overlord  
  20  2:02  Queen  
  20  2:03  Queen, Zergling x2  
  20  2:04  Zergling x2  
  20  2:07  Metabolic Boost  
  26  2:12  Drone  
  26  2:14  Drone  
  29  2:22  Drone  
  29  2:23  Drone  
  30  2:31  Baneling Nest  
  30  2:33  Zergling x4  
  31  2:43  Zergling x2  
  32  2:46  Zergling x2  
  33  2:54  Overlord  
  33  3:12  Zergling x2  
  34  3:13  Zergling x16  
  42  3:26  Hatchery  
  40  3:38  Zergling x2  
  40  3:39  Zergling x2  
  39  3:42  Zergling x2  
  39  3:43  Zergling x6  
  43  3:50  Baneling x4  
  42  4:00  Zergling x2  
  42  4:01  Zergling x2  
  44  4:07  Zergling x4  
  41  4:10  Zergling x6  
  41  4:15  Zergling x2  
  40  4:19  Zergling x8  
  40  4:24  Zergling x2  
  43  4:29  Baneling  
  43  4:30  Baneling x5  
  43  4:31  Baneling  
  42  4:39  Baneling  
  42  4:40  Zergling x2, Baneling  
  42  4:41  Zergling x2  
  44  4:51  Zergling x2  
  42  5:05  Zergling x10  
  42  5:06  Zergling x6  
  35  5:30  Zergling x2  
  35  5:32  Zergling x2  
  36  5:37  Overlord x2  
  36  5:54  Baneling  
  36  5:55  Zergling x2, Baneling x3  
  36  5:56  Zergling x8  
  38  6:04  Zergling x10  
  38  6:05  Zergling x2  
  38  6:08  Zergling x2  
  45  6:14  Baneling  
  45  6:15  Baneling x3  
  45  6:19  Zergling x4  
  45  6:23  Baneling  
  47  6:27  Zergling x2  
  46  6:38  Baneling  
  46  6:41  Zergling x8  
  47  6:47  Zergling x2  
  47  6:48  Zergling x6  
  48  6:56  Zergling x2  
  48  7:00  Zergling x4  
  48  7:02  Zergling x6  
  46  7:08  Zergling x6  
  46  7:11  Baneling x2  
  46  7:13  Baneling x2  
  49  7:15  Zergling x2  
  49  7:18  Zergling x2  
  49  7:24  Baneling x2  
  49  7:25  Zergling x2  
  49  7:31  Zergling x2  
  50  7:40  Zergling x6  
  44  7:49  Zergling x4  
  44  7:50  Zergling x2  
  44  7:51  Zergling x2  
  44  7:52  Zergling x2  
  44  7:57  Zergling x2  
  44  7:58  Zergling x2  
  40  8:03  Zergling x8  
  43  8:06  Zergling x2  
  43  8:10  Baneling x3  
  42  8:15  Baneling x2  
  42  8:22  Zergling x2  
  42  8:23  Zergling x4  
  42  8:24  Baneling  
  45  8:31  Zergling x2  
  44  8:36  Zergling x2  
  44  8:37  Zergling x6  
  47  8:42  Zergling x2  
  47  8:43  Baneling  
  47  8:44  Baneling  
  48  9:00  Drone x2  
  48  9:01  Drone  
  50  9:05  Baneling x2  
  49  9:10  Drone  
  49  9:11  Drone  
  51  9:20  Roach Warren  
  51  9:21  Extractor  
  49  9:29  Drone x3  
  50  9:39  Drone  
  50  9:51  Baneling x2  
  50  9:56  Overlord x3  
  50  10:02  Roach  
  49  10:25  Hatchery  
Tags
 
Add a new tag
Caveats
  • Supply blocks, unpowered buildings, or Contaminate may cause inaccurate times.
  • Supply counts are checked every 10 seconds.